 Dungeon Crawl Stone Soup version 0.28-a0-1117-g0bdd5ba030 (webtiles) character file.

Game seed: 153966146043802081

3559 yoda5477 the Insei (level 9, -6/69 HPs)
             Began as a Demonspawn Transmuter on Dec 10, 2021.
             Was a Follower of Wu Jian.
             Mangled by an orc warrior (14 damage)
             ... on level 8 of the Dungeon on Dec 11, 2021.
             The game lasted 00:58:39 (13006 turns).

yoda5477 the Insei (Demonspawn Transmuter)         Turns: 13006, Time: 00:58:40

Health: -6/69      AC:  8    Str: 14    XL:     9   Next: 83%
Magic:  15/15      EV: 15    Int: 15    God:    Wu Jian [*.....]
Gold:   372        SH:  0    Dex: 20    Spells: 13/16 levels left

rFire   . . .      SeeInvis +     - Unarmed
rCold   . . .      Faith    .   (no shield)
rNeg    . . .      Spirit   .   k - +0 leather armour
rPois   .          Reflect  .   (helmet currently unavailable)
rElec   .          Harm     .   (no cloak)
rCorr   .          Rampage  .   c - +1 pair of gloves
Will    .....                   (boots currently unavailable)
Stlth   ++........              (no amulet)
HPRegen 0.21/turn               p - +6 ring of dexterity
MPRegen 0.14/turn               A - ring of see invisible

@: appendages, hasted, very quick
A: horns 2, talons 2, icy blue scales 2, foul stench 1, weakness stinger 2
a: End Transformation, Renounce Religion


You were on level 8 of the Dungeon.
You worshipped Wu Jian.
Wu Jian was aware of your devotion.
You had temporarily grown beastly horns and talons.
You visited 2 branches of the dungeon, and saw 10 of its levels.

You collected 372 gold pieces.

Inventory:

Hand Weapons
 n - a +2 vorpal spear
 w - a +1 vampiric dagger
 x - a +3 whip
 F - the +10 long sword of Exoneration {flame, Dex+2}
   (You found it on level 6 of the Dungeon)

   It burns those it strikes, dealing additional fire damage.
   Big, fiery blades are also staple armaments of hydra-hunters.
   Dex:       It affects your dexterity (+2).
 G - a +0 vampiric spear
 L - a +2 whip of freezing
Missiles
 b - 190 stones
 d - 167 arrows
 h - 11 bolts
 o - 32 poisoned darts
 t - 58 sling bullets
 u - 3 boomerangs of dispersal (quivered)
 J - 5 boomerangs
 K - a throwing net
 M - 3 javelins
Armour
 a - a +0 robe
 c - a +1 pair of gloves (worn)
 k - a +0 leather armour (worn)
 s - a +0 helmet (melded)
 y - a +0 chain mail
 I - a +0 pair of boots (melded)
Jewellery
 p - a +6 ring of dexterity (left hand)
 A - a ring of see invisible (right hand)
 H - a ring of wizardry
Wands
 z - a wand of charming (21)
 E - a wand of paralysis (15)
Scrolls
 m - 4 scrolls of teleportation
 D - 2 scrolls of enchant armour
Potions
 e - 2 potions of mutation {unknown}
 f - a potion of resistance {unknown}
 g - 2 potions of might {unknown}
 i - 3 potions of haste
 j - 2 potions of lignification {unknown}
 l - 2 potions of heal wounds
 q - a potion of degeneration {unknown}
 r - a potion of flight {unknown}
 v - a potion of brilliance {unknown}
 B - 3 potions of curing {unknown}
 C - a potion of attraction {unknown}


   Skills:
 - Level 6.0 Fighting
 - Level 4.0 Armour
 + Level 5.8 Dodging
 - Level 2.0 Stealth
 * Level 7.3 Unarmed Combat
 - Level 4.0 Spellcasting
 + Level 5.2 Transmutations


You had 13 spell levels left.
You knew the following spells:

 Your Spells              Type           Power      Damage    Failure   Level
a - Beastly Appendage     Tmut           36%        N/A       2%          1
b - Wereblood             Tmut           18%        N/A       3%          2

Your spell library contained the following spells:

 Spells                   Type           Power      Damage    Failure   Level
 Pain                     Necr           12%        1d4       22%         1
 Spider Form              Tmut/Pois      10%        N/A       22%         3
 Corpse Rot               Necr/Air       6%         N/A       32%         2
 Poisonous Vapours        Pois/Air       6%         N/A       32%         2
 Ignite Poison            Fire/Tmut/Pois 8%         N/A       32%         3
 Conjure Flame            Conj/Fire      3%         6-21      54%         3
 Ice Form                 Ice/Tmut       10%        N/A       58%         4
 Sticky Flame             Conj/Fire      3%         2d3       91%         4
 Agony                    Necr           3%         N/A       99%         5
 Excruciating Wounds      Necr           1%         N/A       99%         5
 Fireball                 Conj/Fire      1%         3d3       99%         5
 Starburst                Conj/Fire      1%         6d3       100%        6
 Ignition                 Fire           1%         3d3       100%        8


Dungeon Overview and Level Annotations

Branches:
Dungeon (9/15)             Temple (1/1) D:5            Lair (0/6) D:8
    Orc: D:9-12

Altars:
Ashenzari
Cheibriados
Dithmenos
Elyvilon
Fedhas
Gozag
Hepliaklqana
Kikubaaqudgha
Makhleb
Nemelex Xobeh
Okawaru
Qazlal
Ru
Sif Muna
Trog
Uskayaw
Vehumet
Wu Jian
Xom
Yredelemnul
Zin
The Shining One

Annotations:
D:3 1 runed translucent door, exclusion: door, Crazy Yiuf, Grinder


Innate Abilities, Weirdness & Mutations

You have temporarily grown beastly horns and talons.
You are mostly covered in icy blue scales. (AC +3)
You may rarely emit foul miasma when damaged in melee.
You have a tail ending in a sharp stinger.


Message History

The orc warrior hits you with a +0 long sword!
There is a stone staircase leading up, spattered with blood here.
The orc warrior hits you with a +0 long sword!
You climb upwards.
There is a stone staircase leading down here.
You punch the orc warrior! Your headbutt misses the orc warrior.
The orc warrior is moderately wounded.
The orc warrior closely misses you.
You hit the orc warrior but do no damage.
The orc warrior is moderately wounded.
The orc warrior hits you with a +0 long sword!
You closely miss the orc warrior.
You claw the orc warrior, but do no damage.
Your headbutt misses the orc warrior.
The orc warrior is moderately wounded.
You hit the orc warrior but do no damage.
Your kick misses the orc warrior. Your headbutt misses the orc warrior.
The orc warrior is moderately wounded.
The orc warrior hits you with a +0 long sword.
You barely miss the orc warrior.
You claw the orc warrior, but do no damage.
You headbutt the orc warrior, but do no damage.
The orc warrior is moderately wounded.
The orc warrior closely misses you.
You hit the orc warrior. You claw the orc warrior.
The orc warrior is moderately wounded.
The orc warrior hits you with a +0 long sword.
Throw: 4 boomerangs (disperse)
Press: ? - help, Q - select action, (/) - cycle Shift-Dir - straight line, f - orc warrior
Aim: an orc warrior, wielding a +0 long sword and wearing a +0 plate armour (moderately wounded, 65% to hit)
You throw a boomerang of dispersal.
The boomerang of dispersal hits the orc warrior but does no damage.
The orc warrior is moderately wounded.
The orc warrior hits you with a +0 long sword!
* * * LOW HITPOINT WARNING * * *
Things that are here:
23 arrows; a +0 shortbow You feel yourself speed up.
The orc warrior hits you with a +0 long sword!
You die...

#.###........##### #.#
########...... ##.## #..####
#####...# #..# #..)....# #..#
#)###...# #### ## #.# ##### #.
####.######### #.
#......†o@...# ##.
######.##.#######.###########..
#...#...#.#####................
#.....#...#.....#.#.#########..
#.).#...###.#####.#.# ##..
##.###.## #.# ###.#.########...
#.# #.# #.# #..)............#
#.# #.# #.###.#.#.#########.#
#.###.####.##....#.# ##.##.#


You could see an orc warrior.

Vanquished Creatures
  Pikel (D:7)
  2 wargs (D:8)
  A water moccasin (D:8)
  An orc warrior (D:7)
  2 ice beasts (D:7)
  A sky beast (D:8)
  2 ogres
  4 centaurs
  A phantom (D:4)
  3 lemures (D:6)
  2 kobold brigands
  2 bullfrogs
  A scorpion (D:6)
  A wyvern zombie (D:6)
  5 wights (D:8)
  4 howler monkeys
  A centaur zombie (D:8)
  A bullfrog zombie (D:7)
  A jelly (D:5)
  2 hounds (D:3)
  4 orc priests
  2 bullfrog skeletons
  A centaur skeleton (D:4)
  A gnoll shaman (D:7)
  Jessica (D:2)
  3 iguanas
  Natasha (thrice) (D:2)
  6 orc wizards
  A killer bee zombie (D:8)
  A hound zombie (D:3)
  A hound skeleton (D:5)
  Robin (D:3)
  A howler monkey skeleton (D:6)
  A howler monkey zombie (D:8)
  11 gnolls
  5 adders
  3 worms
  5 dart slugs
  17 orcs
  2 ball pythons
  10 endoplasms
  3 giant cockroaches
  19 goblins
  11 hobgoblins
  2 jackals (D:4)
  5 quokkas
  3 bats
  A frilled lizard (D:1)
  18 kobolds
  5 rats
185 creatures vanquished.

Vanquished Creatures (others)
  A plant (D:8)
1 creature vanquished.

Grand Total: 186 creatures vanquished

Notes
Turn   | Place    | Note
-------+----------+-------------------------------------------
     0 | D:1      | yoda5477 the Demonspawn Transmuter began the quest for the
                  | Orb.
     0 | D:1      | Reached XP level 1. HP: 15/15 MP: 3/3
   223 | D:1      | Gained mutation: You have a small tail. [demonic ancestry]
   223 | D:1      | Reached XP level 2. HP: 8/21 MP: 5/5
   428 | D:1      | Reached skill level 1 in Stealth
   617 | D:1      | Found a faded altar of an unknown god.
   782 | D:2      | Noticed Natasha
  1090 | D:1      | Gained mutation: You have a tail ending in a sharp stinger.
                  | [demonic ancestry]
  1090 | D:1      | Reached XP level 3. HP: 27/27 MP: 4/6
  1219 | D:1      | Learned a level 2 spell: Wereblood
  1940 | D:2      | Noticed Jessica
  1966 | D:2      | Killed Jessica
  1967 | D:2      | Reached skill level 1 in Armour
  1967 | D:2      | Reached XP level 4. HP: 6/34 MP: 5/7
  2225 | D:2      | Killed Natasha
  2521 | D:2      | Noticed Natasha
  2537 | D:2      | Killed Natasha
  2538 | D:2      | Reached XP level 5. HP: 19/41 MP: 8/8
  2716 | D:2      | Noticed Natasha
  2724 | D:2      | Killed Natasha
  3272 | D:3      | Noticed Grinder
  3521 | D:3      | Noticed Robin
  3608 | D:3      | Killed Robin
  4058 | D:3      | Found a runed translucent door.
  4059 | D:3      | Noticed Crazy Yiuf
  4556 | D:3      | Reached skill level 3 in Unarmed Combat
  4974 | D:4      | Noticed an ogre
  5075 | D:3      | Gained mutation: You may rarely emit foul miasma when
                  | damaged in melee. [demonic ancestry]
  5075 | D:3      | Reached XP level 6. HP: 37/48 MP: 9/9
  6102 | D:3      | Reached skill level 4 in Unarmed Combat
  6102 | D:3      | Gained mutation: You are partially covered in icy blue
                  | scales. (AC +2) [demonic ancestry]
  6102 | D:3      | Reached XP level 7. HP: 42/54 MP: 8/10
  6700 | D:5      | Entered Level 5 of the Dungeon
  7020 | D:5      | Found an opulent altar of Gozag.
  7484 | D:5      | Found a staircase to the Ecumenical Temple.
  7497 | Temple   | Entered the Ecumenical Temple
  7915 | Temple   | Became a worshipper of the Wu Jian Council
  8422 | D:6      | Identified the +10 long sword of Exoneration {flame, Dex+2}
  8621 | D:6      | Reached XP level 8. HP: 61/61 MP: 9/11
  8898 | D:6      | Reached skill level 5 in Unarmed Combat
  9842 | D:7      | Noticed Pikel
 10107 | D:7      | Reached skill level 5 in Fighting
 10799 | D:7      | Killed Pikel
 10800 | D:7      | Reached skill level 5 in Dodging
 10800 | D:7      | Reached skill level 6 in Unarmed Combat
 10800 | D:7      | Gained mutation: You are mostly covered in icy blue scales.
                  | (AC +3) [demonic ancestry]
 10800 | D:7      | Reached XP level 9. HP: 43/68 MP: 14/14
 11421 | D:8      | Reached * piety under Wu Jian
 12156 | D:8      | Found a staircase to the Lair.
 12191 | D:8      | HP: 3/69 [warg (11)]
 12542 | D:8      | Reached skill level 7 in Unarmed Combat
 12542 | D:8      | Reached skill level 5 in Transmutations
 12613 | D:8      | Upgraded the game from 0.28-a0-1087-gf3fc490d9d to
                  | 0.28-a0-1117-g0bdd5ba030
 13006 | D:8      | Mangled by an orc warrior

Illustrated notes

Levels and vault maps discovered:
D:1:      nzn_arrival_crosshair, layout_basic,
          hellmonk_ecumenical_altar_prayer_group
D:2:      layout_rooms, uniq_natasha, uniq_jessica
D:3:      layout_loops_corners, uniq_grinder, uniq_crazy_yiuf_cottage,
          uniq_robin
D:4:      layout_cave_pools, minmay_between
D:5:      layout_loops_cross, mainiacjoe_overflow_boulevard,
          minmay_temple_entry_proselytizer
D:6:      layout_gridville
D:7:      layout_loops_ring, uniq_pikel
D:8:      layout_loops_ring, erik_lair_orcish_takeover
D:9:      layout_rooms, david_orc_1_choice, minmay_crystal_room, moated_statue,
          uniq_erolcha, uniq_erica
Temple:   mainiacjoe_temple_trianglar_array

Skill      XL: |  1  2  3  4  5  6  7  8  9 |
---------------+----------------------------+-----
Stealth        | 1 2 |  2.0
Transmutations | 2 3 4 5 |  5.2
Dodging        | 2 3 4 5 |  5.8
Fighting       | 2 3 4 5 6 |  6.0
Armour         | 1 2 3 4 |  4.0
Unarmed Combat | 3 4 6 7 |  7.3
Spellcasting   | 3 4 |  4.0

Action                   |  1- 3 |  4- 6 |  7- 9 || total
-------------------------+-------+-------+-------++-------
Melee: Unarmed           |    77 |   161 |   341 ||   579
       Kick              |    13 |    57 |   146 ||   216
       Headbutt          |    14 |    30 |    72 ||   116
       Tailslap          |    10 |    17 |    64 ||    91
       Punch             |     2 |     2 |     9 ||    13
Throw: Stone             |     6 |    22 |       ||    28
       Boomerang         |       |     1 |     1 ||     2
 Cast: Beastly Appendage |    26 |    42 |    50 ||   118
       Wereblood         |       |       |     7 ||     7
Invok: Lunge             |       |       |    24 ||    24
       Whirlwind         |       |       |     5 ||     5
  Use: Scroll            |       |     5 |     6 ||    11
       Potion            |       |       |     3 ||     3
 Stab: Sleeping          |     3 |     5 |     3 ||    11
Armor: Robe              |     6 |       |       ||     6
       Leather armour    |     3 |    34 |    70 ||   107
Dodge: Dodged            |    30 |    98 |   202 ||   330

Table legend: (Time is in decaauts)
 A = Elapsed time spent in this place.
 B = Non-inter-level travel time spent in this place.
 C = Inter-level travel time spent in this place.
 D = Time resting spent in this place.
 E = Time spent auto-exploring this place.
 F = Levels seen in this place.
 G = Mean time per level.
                   A        B        C        D        E       F      G
               +--------+--------+--------+--------+--------+-----+--------+
         Total |  12994 |  12768 |    226 |   5332 |   3180 |  10 | 1299.4 |
       Dungeon |  12452 |  12269 |    183 |   5178 |   2840 |   9 | 1383.6 |
        Temple |    542 |    499 |     43 |    154 |    340 |   1 |  542.0 |
               +--------+--------+--------+--------+--------+-----+--------+

Top non-repeatable levels by time:
     D:7: 2118 daAuts
     D:2: 1915 daAuts
     D:1: 1805 daAuts
     D:3: 1653 daAuts
     D:4: 1528 daAuts
     D:6: 1374 daAuts
     D:8: 1104 daAuts
     D:5: 930 daAuts
  Temple: 542 daAuts
     D:9: 20 daAuts
